 Dungeon Crawl Stone Soup version 0.31-a0-844-gdc52ec4e09 (webtiles) character file.

Game seed: 7999690584560435460

418 AdnanSaban the Cudgeller (level 6, -1/38 HPs)
             Began as a Gargoyle Fighter on Sept 28, 2023.
             Slain by a killer bee (7 damage)
             ... on level 3 of the Dungeon.
             The game lasted 00:02:56 (2670 turns).

AdnanSaban the Cudgeller (Gargoyle Fighter)         Turns: 2670, Time: 00:02:56

Health: -1/38      AC: 14    Str: 22    XL:     6   Next: 93%
Magic:  6/6        EV: 10    Int:  8    God:
Gold:   130        SH:  4    Dex:  9    Spells: 5/5 levels left

rFire   . . .        a - +0 flail
rCold   . . .        c - +0 buckler
rNeg    + . .        b - +0 scale mail
rPois   ∞            r - +0 helmet
rElec   +            (no cloak)
rCorr   .            (no gloves)
SInv    .            s - +0 pair of boots
Will    .....        (no amulet) Stlth
                     (no ring)
HPRegen 0.26/turn    (no ring)
MPRegen 0.10/turn

%: no passive effects
@: no status effects
A: sickness immunity, AC +4, negative energy resistance 1, electricity
resistance, torment resistance 1, petrification resistance
a: no special abilities


You were on level 3 of the Dungeon.
You visited 1 branch of the dungeon, and saw 4 of its levels.

You collected 130 gold pieces.

Inventory:

Hand Weapons
 a - a +0 flail (weapon)
Missiles
 l - 2 datura-tipped darts
 p - a throwing net
Armour
 b - a +0 scale mail (worn)
 c - a +0 buckler (worn)
 r - a +0 helmet (worn)
 s - a +0 pair of boots (worn)
Jewellery
 m - a ring of fire
 q - an amulet of magic regeneration
Scrolls
 e - 5 scrolls of identify {unknown}
 i - a scroll of poison {unknown}
 j - a scroll of fog {unknown}
 k - a scroll of teleportation {unknown}
 o - a scroll of vulnerability {unknown}
 t - a scroll of enchant armour {unknown}
Potions
 d - 3 potions of might
 f - a potion of degeneration {unknown}
 g - a potion of haste {unknown}
 h - a potion of lignification {unknown}
 n - a potion of invisibility {unknown}
 u - a potion of brilliance {unknown}


   Skills:
 + Level 4.1 Fighting
 + Level 4.9 Maces & Flails
 + Level 4.5 Armour
 + Level 1.7 Dodging
 + Level 4.2 Shields


You had 5 spell levels left.
You didn't know any spells.
Your spell library contained the following spells:

 Spells                   Type           Power      Damage    Failure   Level
 Ensorcelled Hibernation  Hex/Ice        0%         N/A       90%         2
 Passwall                 Tmut/Erth      0%         N/A       90%         2
 Wereblood                Tmut           0%         N/A       90%         2
 Swiftness                Air            0%         N/A       99%         3
 Dispel Undead            Necr           0%         3d6       100%        4
 Death Channel            Necr           0%         N/A       100%        6
 Summon Hydra             Summ           0%         N/A       100%        7
 Cigotuvi's Dreadful Rot  Necr/Pois/Air  Unusable   N/A       N/A         2
 Sublimation of Blood     Necr           Unusable   N/A       N/A         2

Dungeon Overview and Level Annotations

Branches:
Dungeon (4/15)
 Temple: D:4-7

Altars:
Zin


Innate Abilities, Weirdness & Mutations

You are immune to sickness and miasma.
Your stone body is resilient. (AC +4)
You are immune to poison.
You resist negative energy. (rN+)
You are resistant to electric shocks. (rElec)
You are resistant to unholy torment.
You are immune to petrification.


Message History

You are too injured to fight recklessly!
You are too injured to fight recklessly!
You are too injured to fight recklessly!
You are too injured to fight recklessly!
You closely miss the killer bee.
The killer bee is heavily wounded.
The killer bee barely misses you. x2
You miss the killer bee.
The killer bee is heavily wounded.
The killer bee barely misses you. The killer bee stings you.
You closely miss the killer bee.
The killer bee is heavily wounded.
The killer bee stings you. x2
* * * LOW HITPOINT WARNING * * *
The killer bee closely misses you.
You miss the killer bee.
The killer bee is heavily wounded.
You block the killer bee's attack. The killer bee barely misses you.
You miss the killer bee.
The killer bee is heavily wounded.
The killer bee stings you but does no damage.
You block the killer bee's attack. The killer bee barely misses you.
You miss the killer bee.
The killer bee is heavily wounded.
The killer bee stings you but does no damage.
You block the killer bee's attack.
You closely miss the killer bee.
The killer bee is heavily wounded.
The killer bee stings you but does no damage. x2
You closely miss the killer bee.
The killer bee is heavily wounded.
The killer bee stings you.
* * * LOW HITPOINT WARNING * * *
The killer bee misses you. The killer bee stings you.
* * * LOW HITPOINT WARNING * * *
You miss the killer bee.
The killer bee is heavily wounded.
The killer bee stings you but does no damage.
The killer bee stings you!
You die...

# ######## ###
#......# ..#
#.####.# #.# #.#
#.# #.# #.# #.#
#.####.####.######
...............y@#
#.####.#########.#
#.# #.# #.# #.#
#.# #.# #)# #.#
#.# #.# #.# #.#
#.# #.# #.# #.#
#.# #.# #.####.#
#.#


You could see a killer bee.

Vanquished Creatures
  Sigmund (D:2)
  An orc priest (D:3)
  Jessica (D:2)
  Natasha (twice) (D:2)
  An orc wizard (D:3)
  3 gnolls
  2 adders
  3 worms (D:2)
  3 dart slugs
  7 orcs
  2 ball pythons
  3 endoplasms (D:1)
  4 giant cockroaches
  6 goblins
  4 hobgoblins
  2 quokkas (D:2)
  2 bats (D:3)
  2 frilled lizards
  2 kobolds
  6 rats
57 creatures vanquished.

Notes
Turn   | Place    | Note
-------+----------+-------------------------------------------
     0 | D:1      | AdnanSaban the Gargoyle Fighter began the quest for the
                  | Orb.
     0 | D:1      | Reached XP level 1. HP: 14/14 MP: 1/1
   119 | D:1      | Reached XP level 2. HP: 19/19 MP: 2/2
   577 | D:2      | Noticed Sigmund
   686 | D:2      | Reached XP level 3. HP: 16/23 MP: 3/3
   824 | D:2      | Killed Sigmund
   825 | D:2      | Reached skill level 1 in Dodging
   825 | D:2      | Reached XP level 4. HP: 14/29 MP: 4/4
   825 | D:2      | Reached XP level 5. HP: 16/33 MP: 5/5
   961 | D:2      | Noticed Jessica
   970 | D:2      | Killed Jessica
   971 | D:2      | Reached XP level 6. HP: 31/38 MP: 6/6
  1130 | D:2      | Found a faded altar of an unknown god.
  1213 | D:2      | Noticed Natasha
  1220 | D:2      | Killed Natasha
  1326 | D:2      | Noticed Natasha
  1332 | D:2      | Killed Natasha
  2616 | D:3      | Found a glowing silver altar of Zin.
  2617 | D:3      | Noticed an angel
  2670 | D:3      | Slain by a killer bee

Illustrated notes

Levels and vault maps discovered:
D:1:      psy_arrival_statuary, layout_rooms
D:2:      layout_basic, chequers_ecumenical_altar_simple_redux, uniq_natasha,
          uniq_sigmund, uniq_jessica
D:3:      layout_basic, zin_angel
D:4:      layout_basic, nemelex_xobeh_ov_fountains_minmay

Skill      XL: |  1  2  3  4  5  6 |
---------------+-------------------+-----
Maces & Flails | 4 |  4.9
Armour         | 4 |  4.5
Dodging        | 1 |  1.7
Shields        | 4 |  4.2
Fighting       | 4 |  4.1

Action                     |  1- 3 |  4- 6 || total
---------------------------+-------+-------++-------
  Melee: Flail             |    81 |   131 ||   212
 Armour: Scale mail        |    73 |   122 ||   195
  Dodge: Dodged            |    39 |    91 ||   130
  Block: Buckler           |    22 |    30 ||    52

Table legend: (Time is in decaauts)
 A = Elapsed time spent in this place.
 B = Non-inter-level travel time spent in this place.
 C = Inter-level travel time spent in this place.
 D = Time resting spent in this place.
 E = Time spent auto-exploring this place.
 F = Levels seen in this place.
 G = Mean time per level.
                   A        B        C        D        E       F      G
               +--------+--------+--------+--------+--------+-----+--------+
         Total |   2733 |   2603 |    130 |    149 |   1873 |   4 |  683.2 |
       Dungeon |   2733 |   2603 |    130 |    149 |   1873 |   4 |  683.2 |
               +--------+--------+--------+--------+--------+-----+--------+

Top non-repeatable levels by time:
     D:2: 1383 daAuts
     D:3: 827 daAuts
     D:1: 519 daAuts
     D:4: 2 daAuts
